 Dungeon Crawl Stone Soup version 0.30-a0-965-g42e074c17a (webtiles) character file.

Game seed: 2614445526907165320

7821 ders the Thaumaturge (level 11, 0/65 HPs)
             Began as a Djinni Conjurer on Mar 30, 2023.
             Was an Initiate of Ashenzari.
             Slain by a gnoll
             ... wielding a +0 hand axe
              (9 damage)
             ... in a bailey.
             The game lasted 00:12:19 (8677 turns).

ders the Thaumaturge (Djinni Conjurer)              Turns: 8677, Time: 00:12:20

Health: 0/65       AC:  3    Str:  6    XL:     11   Next: 44%
Gold:   329        EV: 12    Int: 30    God:    Ashenzari [......] SH:  0 Dex: 12

rFire   + + +      SeeInvis .    b - staff of fire
rCold   x . .      Faith    .    (no shield)
rNeg    . . .      Spirit   .    a - +0 robe
rPois   ∞          Reflect  .    (no helmet)
rElec   .          Rampage  .    (no cloak)
rCorr   .                        r - +0 pair of gloves
Will    +....                    (boots unavailable)
Stlth   ++                       (no amulet)
HPRegen 0.30/turn                o - ring of wizardry
MPRegen 0.00/turn                x - ring of Hiehith {rPois rF++ Int+6}

@: flying
A: sickness immunity, fire resistance 2, cold vulnerability 1, float, innate
caster, HP casting, extra vitality 1
a: Renounce Religion


You were in a bailey.
You worshipped Ashenzari.
Ashenzari was noncommittal.
You visited 2 branches of the dungeon, and saw 10 of its levels.
You also visited: Sewer and Bailey.

You collected 389 gold pieces.
You spent 60 gold pieces at shops.

Inventory:

Hand Weapons
 j - a +0 dagger of electrocution
Missiles
 w - a throwing net
Armour
 a - a +0 robe (worn)
 r - a +0 pair of gloves (worn)
 B - a +0 buckler
Magical Staves
 b - a staff of fire (weapon)
Jewellery
 g - a ring of resist corrosion
 i - a +5 ring of evasion
 o - a ring of wizardry (left hand)
 x - the ring of Hiehith (right hand) {rPois rF++ Int+6}
   (You acquired it on level 7 of the Dungeon)

   [ring of intelligence]

   Int:       It affects your intelligence (+6).
   rF:        It greatly protects you from fire.
   rPois:     It protects you from poison.
Wands
 p - a wand of charming (7)
Scrolls
 c - 2 scrolls of poison
 d - 3 scrolls of identify
 h - a scroll of blinking
 q - 2 scrolls of fear
 s - a scroll of silence
 u - 2 scrolls of brand weapon
 v - a scroll of fog
 y - a scroll of vulnerability
Potions
 e - 2 potions of resistance
 f - 3 potions of curing
 k - a potion of magic
 m - a potion of brilliance
 n - a potion of attraction
 t - 2 potions of flight
 z - a potion of mutation
 A - 10 potions of degeneration


   Skills:
 + Level 1.8 Throwing
 * Level 3.5 Armour
 - Level 2.1 Dodging
 * Level 3.6 Stealth
 + Level 12.4 Spellcasting
 * Level 3.4 Evocations


You knew the following spells:

 Your Spells              Type           Power      Damage    Failure   Level
a - Magic Dart            Conj           100%       1d8       0%          1
b - Searing Ray           Conj           100%       2d8       1%          2
c - Dazzling Flash        Conj/Hex       100%       N/A       1%          3
d - Fulminant Prism       Conj/Hex       37%        3d17      1%          4
e - Iskenderun's Mystic   Conj/Tloc      75%        2d15      1%          4
f - Foxfire               Conj/Fire      100%       2x1d6     0%          1
g - Blink                 Tloc           100%       N/A       1%          2
h - Summon Guardian Gole  Hex/Summ       75%        N/A       1%          3
i - Ignite Poison         Fire/Tmut/Pois 96%        N/A       1%          3
j - Anguish               Hex/Necr       37%        N/A       1%          4
Your spell library was empty.

Dungeon Overview and Level Annotations

Branches:
Dungeon (9/15)             Temple (1/1) D:4            Lair (0/5) D:8
  Sewer (visited)          Bailey (1/1)
    Orc: D:9-12

Altars:
Ashenzari
Cheibriados
Dithmenos
Elyvilon
Fedhas
Gozag
Hepliaklqana
Makhleb
Nemelex Xobeh
Okawaru
Qazlal
Ru
Trog
Uskayaw
Wu Jian
Xom
Yredelemnul
Zin
The Shining One

Shops:
D:7 ?

Annotations:
D:7 3 runed translucent doors, roninjake's ghost, novice MiFi
D:8 2 transporters, exclusion: oklob plant, cforsyth's ghost, novice FoFi


Innate Abilities, Weirdness & Mutations

You are immune to sickness and miasma.
You are immune to poison.
Your flesh is very heat resistant. (rF++)
You are vulnerable to cold. (rC-)
You float through the air rather than walking.
You learn spells naturally, not from books.
Your magical power is your life essence.
You have superior vitality. (+4 MHP)


Message History

* * * LOW HITPOINT WARNING * * *
Unknown command.
Casting: Magic Dart (safe; 0% risk of failure)
Confirm with . or Enter, or press ? or * to list all spells.
Aiming: Magic Dart (safe; 0% risk of failure)
Press: ? - help, Shift-Dir - straight line, f/p - goblin
Aim: a goblin, wielding a +0 hand axe and wearing a +0 leather armour (100% to hit)
The magic dart hits the goblin.
You kill the goblin!
You hear a splash. x2
* * * LOW HITPOINT WARNING * * *
A human opens the door.
Unknown command.
Casting: Magic Dart (safe; 0% risk of failure)
Confirm with . or Enter, or press ? or * to list all spells.
You erupt in a blast of force!
The mystic blast hits the human!!
The human is severely wounded.
The human is knocked back by the mystic blast.
The human slams into the stone wall!
The human is almost dead.
* * * LOW HITPOINT WARNING * * *
You hear a shout!
Casting: Iskenderun's Mystic Blast (safe; 1% risk of failure)
Confirm with . or Enter, or press ? or * to list all spells.
Aiming: Fulminant Prism (safe; 1% risk of failure)
Press: ? - help, Dir - move target You conjure a prism of explosive energy!
* * * LOW HITPOINT WARNING * * *
A fulminant prism comes into view.
Your fulminant prism crackles loudly.
Your fulminant prism explodes!
The blast of energy engulfs the human!!!
You kill the human!
You hear a croak.
You hear a loud, deep croak!
You hear a croak.
Things that are here:
a +0 hand axe; a +0 leather armour; a goblin corpse
There is an open door here.
A gnoll comes into view. It is wielding a +0 hand axe.
You reach down and close the door.
The gnoll hits you with a +0 hand axe!
You die...

##########
##...##~~~##
##....#~~~~~#
#...)))~~~†~#####
#......#~~)~##...##
###.)..##~~~+@.∩..#
###..######g....#
##p# '..∩..# #.)
.##...## #.. ..
##### ### ##


You could see a gnoll.

Vanquished Creatures
  A two-headed ogre (D:9)
  Amaemon (D:8)
  Pikel (D:4)
  Joseph (D:8)
  An orange demon (D:8)
  An unseen horror (D:9)
  A hornet (D:8)
  A wyvern (D:9)
  A wraith (D:9)
  5 humans (Bailey)
  4 yaks (D:7)
  5 black bears
  2 orc warriors
  An ogre (D:6)
  2 lemures (D:4)
  8 bullfrogs
  A gnoll sergeant (D:5)
  8 scorpions
  11 wights
  4 killer bees
  3 howler monkeys
  6 hounds
  4 jellies
  A gnoll bouda (D:6)
  A sleepcap (D:8)
  4 iguanas
  3 orc wizards
  A hell rat (Sewer)
  17 gnolls
  11 adders
  2 river rats (Sewer)
  2 shadow imps
  A white imp (D:6)
  An ufetubus (D:6)
  A worm (D:3)
  3 dart slugs
  16 orcs
  6 ball pythons
  2 bats (D:1)
  7 endoplasms
  4 giant cockroaches
  6 goblins
  14 hobgoblins
  2 jackals (D:4)
  5 quokkas
  9 kobolds
  13 rats
205 creatures vanquished.

Vanquished Creatures (others)
  16 foxfires
  38 fulminant prisms
  16 fungi
  15 plants (D:8)
85 creatures vanquished.

Grand Total: 290 creatures vanquished

Notes
Turn   | Place    | Note
-------+----------+-------------------------------------------
     0 | D:1      | ders the Djinni Conjurer began the quest for the Orb.
     0 | D:1      | ders set off with the following spells memorised: Magic
                  | Dart, Searing Ray, Dazzling Flash, Fulminant Prism,
                  | Iskenderun's Mystic Blast.
     0 | D:1      | Reached XP level 1. HP: 15/15 MP: 0/0
   113 | D:1      | Reached XP level 2. HP: 16/21 MP: 0/0
   324 | D:1      | Reached XP level 3. HP: 22/25 MP: 0/0
   324 | D:1      | Learned a level 1 spell: Foxfire
   777 | D:2      | Reached skill level 4 in Spellcasting
   790 | D:2      | Reached XP level 4. HP: 1/31 MP: 0/0
  1241 | D:2      | Reached XP level 5. HP: 16/35 MP: 0/0
  1241 | D:2      | Learned a level 2 spell: Blink
  2014 | D:3      | Reached skill level 5 in Spellcasting
  2592 | D:4      | Found a staircase to the Ecumenical Temple.
  2602 | Temple   | Entered the Ecumenical Temple
  2836 | D:4      | Reached XP level 6. HP: 37/40 MP: 0/0
  3104 | D:4      | Noticed a black bear
  3105 | D:4      | Noticed a black bear
  3118 | D:4      | Killed a black bear
  3121 | D:4      | Killed a black bear
  3122 | D:4      | Reached skill level 6 in Spellcasting
  3122 | D:4      | Reached XP level 7. HP: 26/45 MP: 0/0
  3122 | D:4      | Learned a level 3 spell: Summon Guardian Golem
  3454 | D:4      | Noticed Pikel
  3462 | D:4      | Killed Pikel
  3463 | D:4      | Reached skill level 7 in Spellcasting
  3463 | D:4      | Reached XP level 8. HP: 10/50 MP: 0/0
  3695 | D:4      | Reached skill level 8 in Spellcasting
  3937 | D:5      | Entered Level 5 of the Dungeon
  3950 | D:5      | Found a glowing drain.
  3974 | Sewer    | Entered a sewer
  4438 | D:5      | Reached XP level 9. HP: 34/55 MP: 0/0
  4438 | D:5      | Learned a level 3 spell: Ignite Poison
  4637 | D:5      | Reached skill level 9 in Spellcasting
  4856 | D:5      | Identified the +1 sling of the Sage {flame, Will+ SInv}
  5653 | D:6      | Found a hide-covered altar of Uskayaw.
  5681 | D:6      | Reached skill level 10 in Spellcasting
  6022 | D:6      | Found a snail-covered altar of Cheibriados.
  6342 | D:7      | Identified the +3 pair of boots of Distant Shores {rPois
                  | Str+7 Int-2 Stlth+}
  6372 | D:7      | Found a runed translucent gate.
  6373 | D:7      | Found a runed translucent gate.
  6373 | D:7      | Noticed roninjake's ghost (novice MiFi)
  6386 | D:7      | Found a runed translucent gate.
  6392 | D:7      | Found a shadowy altar of Dithmenos.
  6393 | D:7      | Found a glowing silver altar of Zin.
  6394 | D:7      | Found a sparkling altar of Nemelex Xobeh.
  6685 | D:7      | Reached XP level 10. HP: 49/60 MP: 0/0
  6694 | D:7      | Reached skill level 11 in Spellcasting
  7037 | D:7      | Found Bamori's Magic Scroll Shoppe.
  7137 | D:7      | Bought a scroll of teleportation for 36 gold pieces
  7137 | D:7      | Bought a scroll of identify for 24 gold pieces
  7139 | D:7      | Identified a scroll of acquirement
  7215 | D:7      | Acquired the ring of Hiehith {rPois rF++ Int+6}
  7427 | D:8      | Noticed Joseph
  7463 | D:8      | Noticed Amaemon
  7474 | D:8      | Killed Amaemon
  7475 | D:8      | Reached skill level 12 in Spellcasting
  7786 | D:8      | Found a staircase to the Lair.
  7793 | D:8      | Killed Joseph
  7870 | D:8      | Found a transporter.
  7871 | D:8      | Noticed a manticore
  7886 | D:8      | Noticed cforsyth's ghost (novice FoFi)
  7910 | D:8      | Found a transporter.
  7912 | D:8      | Noticed an oklob plant
  7928 | D:8      | Noticed a deep elf pyromancer
  7995 | D:8      | Noticed an orange demon
  8002 | D:8      | Reached skill level 1 in Armour
  8002 | D:8      | Reached skill level 1 in Evocations
  8004 | D:8      | Killed an orange demon
  8005 | D:8      | Reached XP level 11. HP: 55/65 MP: 0/0
  8005 | D:8      | Learned a level 4 spell: Anguish
  8362 | D:9      | Found a broken altar of Ashenzari.
  8369 | D:9      | Became a worshipper of Ashenzari the Shackled
  8381 | D:9      | Reached skill level 1 in Throwing
  8391 | D:9      | Noticed a two-headed ogre
  8406 | D:9      | Killed a two-headed ogre
  8579 | D:9      | Found a flagged portal.
  8603 | Bailey   | Entered a bailey
  8677 | Bailey   | Slain by a gnoll

Illustrated notes

Levels and vault maps discovered:
D:1:      moated_graveyard_arrival, layout_basic, serial_glass, glass_columns_b,
          glass_columns_c, feat_on_display, item_on_display_a,
          due_unseen_surprise, minmay_misc_feat_four_crosses, minmay_box_of_dots
D:2:      layout_basic, nicolae_hexahallways, minmay_stone_trees_small,
          serial_bayou_pond_d, minmay_misc_feat_iff,
          chequers_serial_rivers_marsh, minmay_vboxes
D:3:      layout_basic
D:4:      kb_forest_paths, layout_gridville, minmay_temple_entry_poolview,
          minivault_14, minmay_quantized, uniq_pikel
D:5:      layout_loops_ring, gup_sewer_entry_glass, dreamdust_gnoll_farm
D:6:      layout_loops_ring, chei_slow_surprise,
          mainiacjoe_overflow_small_starburst
D:7:      layout_basic, chequers_temple_overflow_statue_of_worship,
          serial_shops, nicolae_inconvenience_store, gammafunk_ghost_split
D:8:      layout_rooms, grunt_lair_entry_orc_guard_hut, nzn_ghost_randoct,
          minmay_misc_feat_alley, uniq_joseph, uniq_amaemon
D:9:      minmay_the_grid_octo_triangle [minmay_the_grid_octo_empty,
          minmay_the_grid_octo_prize_big_c, minmay_the_grid_octo_pinwheel],
          layout_small_grid, lemuel_crystal_altar, enter_bailey_7
Temple:   nicolae_temple_elliptical
Bailey:   bailey_axe_froggy_fort_hellmonk, bailey

Skill      XL: |  1  2  3  4  5  6  7  8  9 10 11 |
---------------+----------------------------------+-----
Spellcasting   | 4 5 6 7 8 10 12 | 12.4
Armour         | 1 3 |  3.5
Stealth        | 2 3 |  3.6
Evocations     | 1 3 |  3.4
Throwing       | 1 |  1.8
Dodging        | |  2.1

Action                     |  1- 3 |  4- 6 |  7- 9 | 10-12 || total
---------------------------+-------+-------+-------+-------++-------
  Melee: Staff             |       |       |     2 |     1 ||     3
   Cast: Magic Dart        |    40 |    68 |   126 |    44 ||   278
         Searing Ray       |    10 |    20 |    41 |    13 ||    84
         Foxfire           |    10 |       |       |       ||    10
         Fulminant Prism   |       |     5 |    11 |    22 ||    38
         Iskenderun's Myst |       |       |    23 |    32 ||    55
    Use: Potion            |       |     1 |       |     3 ||     4
         Scroll            |       |     7 |     2 |    17 ||    26
 Armour: Robe              |     4 |     1 |     6 |     2 ||    13
  Dodge: Dodged            |     5 |     8 |    20 |    11 ||    44

Table legend: (Time is in decaauts)
 A = Elapsed time spent in this place.
 B = Non-inter-level travel time spent in this place.
 C = Inter-level travel time spent in this place.
 D = Time resting spent in this place.
 E = Time spent auto-exploring this place.
 F = Levels seen in this place.
 G = Mean time per level.
                   A        B        C        D        E       F      G
               +--------+--------+--------+--------+--------+-----+--------+
         Total |   8673 |   7984 |    689 |   1308 |   5679 |  12 |  722.8 |
       Dungeon |   8220 |   7557 |    663 |   1301 |   5365 |   9 |  913.3 |
        Temple |    195 |    169 |     26 |      0 |    154 |   1 |  195.0 |
         Sewer |    183 |    183 |      0 |      0 |    138 |   1 |  183.0 |
        Bailey |     73 |     73 |      0 |      7 |     22 |   1 |   73.0 |
               +--------+--------+--------+--------+--------+-----+--------+

Top non-repeatable levels by time:
     D:2: 1234 daAuts
     D:4: 1215 daAuts
     D:6: 1163 daAuts
     D:7: 1003 daAuts
     D:8: 974 daAuts
     D:5: 962 daAuts
     D:1: 736 daAuts
     D:3: 552 daAuts
     D:9: 377 daAuts
  Temple: 195 daAuts
   Sewer: 183 daAuts
  Bailey: 73 daAuts
